[Event "Early-Titled-Tuesday-Blitz-August-29-2023"]
[Site "Chess.com"]
[Date "2023.08.29"]
[Round "8"]
[White "Flaccidmoves"]
[Black "AlexNovitz"]
[Result "1-0"]
[WhiteElo "2493"]
[BlackElo "2254"]
[TimeControl "180+1"]
[EndTime "9:27:22 PDT"]
[Termination "Flaccidmoves won on time"]

1. Nf3 g6 2. e4 d6 3. d4 Bg7 4. Bc4 Nf6 5. Qe2 O-O 6. h3 c6 7. Bb3 a5 8. a3 b5 9. O-O c5 10. e5 Nfd7 11. e6 fxe6 12. Qxe6+ Kh8 13. Ng5 c4 14. Ba2 Bxd4 15. Nf7+ Rxf7 16. Qxf7 Bb7 17. Nc3 Ne5 18. Qf4 Bxc3 19. bxc3 Nbd7 20. Rb1 Qb6 21. Be3 Qc6 22. Qg3 Nf6 23. Bd4 Kg8 24. f4 Ne4 25. Qh2 Nd7 26. Rfe1 Rf8 27. a4 bxa4 28. Bxc4+ Qxc4 29. Rxb7 Ndf6 30. Rxe7 a3 31. R1xe4 Nxe4 32. Rxe4 a2 33.
Re1 Rb8 34. Qg3 Rb1 35. Qe3 Rxe1+ 36. Qxe1 Qb5 37. Qe6+ Kf8 38. Qxd6+ Kf7 39. Qc7+ Ke6 40. f5+ gxf5 41. Qc8+ Kd5 42. Qg8+ Ke4 43. Qe6+ Kf4 44. Be3+ 1-0

[Event "Early-Titled-Tuesday-Blitz-August-29-2023"]
[Site "Chess.com"]
[Date "2023.08.29"]
[Round "8"]
[White "GMG"]
[Black "Angry_Twin"]
[Result "1/2-1/2"]
[WhiteElo "2749"]
[BlackElo "2961"]
[TimeControl "180+1"]
[EndTime "9:27:23 PDT"]
[Termination "Game drawn by repetition"]

1. d4 Nf6 2. c4 e6 3. Nf3 d5 4.
Nc3 c6 5. g3 Nbd7 6. Qd3 b6 7.
Bg2 Ba6 8. b3 Rc8 9. O-O c5 10. Nb5 Bxb5 11. cxb5 Be7 12. Bb2 O-O 13. Rac1 Qc7 14. Nd2 Rfd8 15. a4 Qb8 16. e3 Rc7 17. Rc2 Rdc8 18. Rfc1 cxd4 19. exd4 Bb4 20. Nf1 Bd6 21.
Ne3 h6 22. f4 g6 23. Bf3 h5 24.
Kg2 Qb7 25. Qe2 Bf8 26. Nc4 Ne4 27. Ne5 Nxe5 28. fxe5 Ng5 29. Qd3 Nxf3 30. Kxf3 Bh6 31. Rxc7 Rxc7 32. Rc3 Qc8 33. Qc2 Rxc3+ 34. Qxc3 Qxc3+ 35.
Bxc3 Bf8 36. a5 Be7 37. a6 Kf8 38. Ba5 Bd8 39. Bb4+ Ke8 40. Bd6 Kd7 41. Bb8 Kc8 42.
Bxa7 g5 43. h3 Bc7 44. g4 h4 45. Ke3 Bd8 46. Kd3 Bc7 47. Ke3 Bd8 48. Kd3 Bc7 49.
Ke3 1/2-1/2

[Event "Early-Titled-Tuesday-Blitz-August-29-2023"]
[Site "Chess.com"]
[Date "2023.08.29"]
[Round "8"]
[White "GroovyKettle"]
[Black "crescentmoon2411"]
[Result "1/2-1/2"]
[WhiteElo "2912"]
[BlackElo "3023"]
[TimeControl "180+1"]
[EndTime "9:27:23 PDT"]
[Termination "Game drawn - insufficient material"]

1. e4 g6 2. d4 Bg7 3. Nf3 d6 4. Bc4 Nf6 5. Qe2 O-O 6. O-O Nc6 7. e5 dxe5 8. dxe5 Nd5 9. Rd1 Be6 10. Ng5 Nf4 11. Qe1 Bxc4 12. Bxf4 Qc8 13. Qe4 Be6 14. Nxe6 Qxe6 15. Nc3 Bxe5 16. Bxe5 Qxe5 17. Qxe5 Nxe5 18. Nd5 c6 19. Nxe7+ Kg7 20. f4 Nc4 21. Rd7 Rab8 22. Re1 Rfd8 23. Rc7 Nd6 24. Rd1 Ne4 25. Rxd8 Rxd8 26.
Kf1 Nd6 27. c4 Nxc4 28. Rxb7 Rd1+ 29. Kf2 Rd2+ 30. Kf3 Rxb2 31. Rxb2 Nxb2 32. Nxc6 a6 33. Ke3 Kf6 34. Kd4 Kf5 35. g3 Kg4 36. Ne5+ Kh3 37. Nxf7 Kxh2 38. g4 Kg3 39. f5 Kxg4 40. fxg6 hxg6 41.
Kc5 Kf5 42. Kb6 Nc4+ 43. Kxa6 g5 44. Kb5 Nb2 45. Nxg5 Kxg5 46. a4 Nxa4 1/2-1/2

[Event "Early-Titled-Tuesday-Blitz-August-29-2023"]
[Site "Chess.com"]
[Date "2023.08.29"]
[Round "8"]
[White "smilingice"]
[Black "cool64chess"]
[Result "0-1"]
[WhiteElo "2401"]
[BlackElo "2526"]
[TimeControl "180+1"]
[EndTime "9:27:23 PDT"]
[Termination "cool64chess won by resignation"]

1. e4 e6 2. d4 d5 3. e5 c5 4. c3 Nc6 5. Nf3 Nge7 6. a3 a5 7. Bd3 Nf5 8. Bxf5 exf5 9. O-O Be6 10. Nbd2 c4 11. Re1 Be7 12. Nf1 O-O 13. g3 b5 14. h4 b4 15. Bg5 bxa3 16. bxa3 Rb8 17. Bxe7 Qxe7 18. Ne3 Rb3 19. Qc2 g6 20. a4 Rfb8 21. Ng2 Rb2 22. Qc1 Qf8 23. Nf4 Nd8 24. Ng5 Kg7 25. h5 Qe7 26. Ngxe6+ fxe6 27. hxg6 hxg6 28. Kg2 Nf7 29. Rh1 Ng5 30. Rh2 Ne4 31. Nxg6 Rxf2+ 32.
Kg1 Rxh2 33. Nxe7 Rbb2 34. Qxb2 Rxb2 35. Nc6 Nxc3 36. Nxa5 Ne2+ 37. Kf2 Nxd4+ 38. Ke3 Nc2+ 39. Kd2 Nxa1+ 40. Kc3 Rb1 41. Nc6 Nb3 42. a5 Ra1 43. Kb4 Nxa5 44. Nxa5 Rxa5 45. Kxa5 c3 0-1

[Event "Early-Titled-Tuesday-Blitz-August-29-2023"]
[Site "Chess.com"]
[Date "2023.08.29"]
[Round "8"]
[White "MatthewG-p4p"]
[Black "SAInt_666"]
[Result "1/2-1/2"]
[WhiteElo "2846"]
[BlackElo "2678"]
[TimeControl "180+1"]
[EndTime "9:27:24 PDT"]
[Termination "Game drawn by repetition"]

1. e4 c6 2. d4 d5 3. exd5 cxd5 4. Bd3 Nf6 5. h3 g6 6. Nf3 Bf5 7. Be2 Nc6 8. c3 h5 9. O-O e6 10. Re1 a6 11. Bf4 Bd6 12. Bxd6 Qxd6 13. Nbd2 Kf8 14. Ne5 Nxe5 15. dxe5 Qxe5 16. Bxa6 Qc7 17. Bf1 Kg7 18. Nf3 Bg4 19. Qd4 Bxf3 20. gxf3 h4 21. a4 Rh5 22. f4 Rf5 23. Re5 Rh8 24. Rxf5 gxf5 25. Kh1 Rh6 26. Be2 Rg6 27. a5 Kh7 28. Bf3 Ne4 29. Qe3 e5 30. fxe5 Qxe5 31. Bxe4 fxe4 32. Rg1 f5 33. Rxg6 Kxg6 34. Qb6+ Kg5 35. Qxb7 e3 36. fxe3 Qxe3 37. Qg7+ Kh5 38. Qh7+ Kg5 39. Qg7+ Kh5 40. Qf7+ Kg5 41. Qxd5 Qe1+ 42. Kh2 Qg3+ 43. Kh1 Qe1+ 44. Kh2 Qg3+ 45. Kh1 Qe1+ 1/2-1/2

[Event "Early-Titled-Tuesday-Blitz-August-29-2023"]
[Site "Chess.com"]
[Date "2023.08.29"]
[Round "8"]
[White "HElissalt"]
[Black "campochess"]
[Result "0-1"]
[WhiteElo "2351"]
[BlackElo "2213"]
[TimeControl "180+1"]
[EndTime "9:27:25 PDT"]
[Termination "campochess won on time"]

1. d4 Nf6 2. c4 g6 3. Nc3 d5 4.
cxd5 Nxd5 5. Bd2 Nb6 6. Nf3 Bg7 7. Bf4 O-O 8. e3 c6 9. Be2 N8d7 10. O-O Re8 11.
Rc1 Nf8 12. h3 Bf5 13. Ne5 Nfd7 14. Nf3 Nf6 15. Qb3 Ne4 16. Rfd1 Nd6 17. Be5 Be6 18. Qc2 Nf5 19. Bxg7 Nxg7 20. Ne5 Rc8 21. b4 Nf5 22. Qb2 Nd6 23. a4 f6 24. Nd3 Nbc4 25. Qa1 Bf7 26. Nc5 b6 27. Na6 Qd7 28. d5 Qb7 29. dxc6 Rxc6 30. b5 Rcc8 31. Nb4 Red8 32. Nc6 Be8 33. Nxd8 Rxd8 34. Nd5 Ne5 35. Nb4 Rc8 36.
Rxc8 Qxc8 37. Rc1 Qf5 38. Qd4 Kg7 39. Rc7 Qe6 40. Nd5 Nf5 41. Qd1 Qd6 42. Bg4 Bf7 43.
Bxf5 Bxd5 44. Rc1 gxf5 45. Rc2 Qe6 46. Rd2 Bb3 47. Qc1 Bxa4 48. Qc7 Kg6 49. Qxa7 Bxb5 50. Qb8 Nc4 0-1

[Event "Early-Titled-Tuesday-Blitz-August-29-2023"]
[Site "Chess.com"]
[Date "2023.08.29"]
[Round "8"]
[White "Inepton_Fermion"]
[Black "Fraler15"]
[Result "1-0"]
[WhiteElo "2375"]
[BlackElo "2241"]
[TimeControl "180+1"]
[EndTime "9:27:25 PDT"]
[Termination "Inepton_Fermion won on time"]

1. Nf3 d5 2. b3 Nf6 3. Bb2 g6 4. c4 dxc4 5. bxc4 Bg7 6. g3 O-O 7.
Bg2 c5 8. O-O Nc6 9. Ne5 Nxe5 10. Bxe5 Qd7 11. Qc2 Rd8 12. d3 Ng4 13. Bxg7 Kxg7 14.
Nc3 Qf5 15. Rab1 Qh5 16. h3 Nf6 17. h4 g5 18. Bf3 Bg4 19. hxg5 Qxg5 20. Bg2 b6 21.
Ne4 Nxe4 22. Bxe4 Rac8 23. Kg2 e6 24. Rh1 f5 25. Bb7 Rc7 26. Bf3 Bxf3+ 27. Kxf3 e5 28.
Qb2 Re7 29. Kg2 Kg8 30. Rh4 Rd4 31. Rbh1 f4 32. Rh5 Qg7 33. R1h3 Kh8 34. a4 Rf7 35. a5 Qf6 36. e3 fxe3 37. f4 exf4 38. g4 f3+ 39. Kg1 e2 40. Kf2 Qf4 41. g5 e1=Q+ 42. Kxe1 Qe3+ 43. Kf1 Qxd3+ 44. Kf2 1-0

[Event "Early-Titled-Tuesday-Blitz-August-29-2023"]
[Site "Chess.com"]
[Date "2023.08.29"]
[Round "8"]
[White "joppie2"]
[Black "Jospem"]
[Result "1/2-1/2"]
[WhiteElo "2949"]
[BlackElo "3056"]
[TimeControl "180+1"]
[EndTime "9:27:26 PDT"]
[Termination "Game drawn by repetition"]

1. e4 c5 2. Nf3 d6 3. d4 cxd4 4.
Nxd4 a6 5. c4 e6 6. Nc3 Nf6 7. Be2 b6 8. Be3 Bb7 9. f3 h5 10. Qd2 Nbd7 11. O-O-O Be7 12. Kb1 Rc8 13. Rc1 O-O 14. h3 h4 15. Rhd1 Ne5 16. b3 Nfd7 17. f4 Nc6 18. Nf3 Nc5 19. Qe1 Qc7 20. Ng5 Bxg5 21.
fxg5 Ne5 22. Qxh4 Ng6 23. Qg4 Ne5 24. Qf4 f5 25. gxf6 Rxf6 26. Qh4 Rcf8 27. Ka1 Ng6 28. Qg3 Ne5 29. Bd4 Rg6 30. Qe3 Nc6 31. Bg4 e5 32. Bxc5 bxc5 33. Nd5 Qd8 34. Bf5 Rh6 35. Rf1 Nd4 36.
Kb2 Bxd5 37. cxd5 Rhf6 38. g4 g6 39. Rg1 a5 40. h4 a4 41. h5 axb3 42. axb3 gxf5 43.
gxf5+ Kh8 44. Rg6 R6f7 45. Rcg1 Rh7 46. Rh6 Qe7 47. Rxh7+ Qxh7 48. Rg6 Rb8 49. Qg5 Rxb3+ 50. Kc1 Rc3+ 51. Kd1 Rd3+ 52. Kc1 Rc3+ 53. Kd1 Rd3+ 54. Kc1 Rc3+ 1/2-1/2

[Event "Early-Titled-Tuesday-Blitz-August-29-2023"]
[Site "Chess.com"]
[Date "2023.08.29"]
[Round "8"]
[White "Let_it_be_1"]
[Black "Aswathchess"]
[Result "0-1"]
[WhiteElo "2619"]
[BlackElo "2525"]
[TimeControl "180+1"]
[EndTime "9:27:27 PDT"]
[Termination "Aswathchess won by resignation"]

1. e4 c5 2. Nf3 d6 3. d4 cxd4 4.
Nxd4 Nf6 5. Nc3 a6 6. Be2 e5 7. Nb3 Be6 8. f4 Nc6 9. O-O Be7 10. f5 Bxb3 11. axb3 O-O 12. Bc4 b5 13. Bd5 Qb6+ 14. Kh1 Rac8 15. Bg5 Nb4 16. Bxf6 Bxf6 17. Qe2 Rc7 18.
Rfd1 Rfc8 19. g3 Kh8 20. h4 Be7 21. Rd2 h6 22. Kg2 Bf8 23. Qh5 Qe3 24. Re2 Qd4 25. Rd1 Qa7 26. f6 g6 27. Qf3 Nxd5 28. Nxd5 Rxc2 29. h5 Rc1 30. Rxc1 Rxc1 31. Rf2 g5 32.
Qd3 Qc5 33. b4 Qc8 34. Ne3 d5 35. exd5 Bxb4 36. d6 Qc6+ 37. Nd5 Rc4 38. Kh2 Bxd6 39. Ne7 Qc5 40. Rd2 Bxe7 41. fxe7 Qxe7 42. Qf5 Kg7 43. Rd7 Qf6 44. Qd3 Rc1 45. Kg2 Rc4 46. b3 Rd4 47. Rxd4 exd4 48. Qe4 a5 49. Qd5 a4 50. Qxb5 a3 51. Qa4 Qd6 52. Qxa3 Qxa3 0-1

[Event "Early-Titled-Tuesday-Blitz-August-29-2023"]
[Site "Chess.com"]
[Date "2023.08.29"]
[Round "8"]
[White "Xavier_mompel"]
[Black "guillembaches"]
[Result "0-1"]
[WhiteElo "2307"]
[BlackElo "2429"]
[TimeControl "180+1"]
[EndTime "9:27:28 PDT"]
[Termination "guillembaches won on time"]

1. e4 d5 2. exd5 Qxd5 3. d4 e5 4. dxe5 Qxe5+ 5. Qe2 Nc6 6. Nf3 Qxe2+ 7. Bxe2 Bf5 8. c3 O-O-O 9. O-O Bd6 10. Be3 Nf6 11.
Nbd2 Nd5 12. Bd4 Nxd4 13. Nxd4 Bg6 14. Bf3 Nf4 15. Ne4 Be5 16. Nb3 b6 17. Rad1 Rxd1 18. Rxd1 Rd8 19. Rxd8+ Kxd8 20. Nc1 Ke7 21. g3 Ne6 22.
Kf1 f5 23. Nd2 f4 24. Ke2 fxg3 25. hxg3 Nc5 26. Nc4 Bf6 27. Ne3 Kd6 28. Nc4+ Ke7 29. Ne3 Bg5 30. Nb3 Na4 31. Nd1 Bc2 32. Bd5 Bxd1+ 33. Kxd1 Nxb2+ 34. Kc2 Na4 35. Kd3 Kd6 36. Be4 Bf6 37. c4 h5 38. Nd2 g5 39. Ke3 h4 40.
gxh4 gxh4 41. Nf3 Nc3 42. Bd3 Nxa2 43. Kf4 Nb4 44. Be4 a5 45. Kf5 Bd8 46. Kg4 a4 47. Nd4 Kc5 0-1

[Event "Early-Titled-Tuesday-Blitz-August-29-2023"]
[Site "Chess.com"]
[Date "2023.08.29"]
[Round "8"]
[White "ErikRonka"]
[Black "Ducke13"]
[Result "1-0"]
[WhiteElo "2501"]
[BlackElo "2421"]
[TimeControl "180+1"]
[EndTime "9:27:29 PDT"]
[Termination "ErikRonka won on time"]

1. e4 c5 2. Nf3 d6 3. d4 cxd4 4. Nxd4 Nf6 5. Nc3 a6 6. Nb3 g6 7.
f3 Bg7 8. Be3 Nc6 9. Qd2 a5 10. a4 O-O 11. O-O-O Nb4 12. g4 Bd7 13. h4 Qc7 14. h5 Rfc8 15. Kb1 Nxc2 16. Qxc2 Bxa4 17.
Rc1 Qd7 18. hxg6 hxg6 19. Bh6 Bh8 20. Qh2 Bxb3 21. Bf8 Kxf8 22. Qxh8+ Ng8 23. Rh7 f6 24. Qg7+ Ke8 25. Bb5 Rc6 26. Rh8 Qe6 27. Nd5 Kd7 28.
Nb6+ Kc7 29. Nxa8+ Kb8 30. Bxc6 bxc6 31. Rxg8+ Qxg8 32. Qxg8+ Bxg8 33. Nb6 Kb7 34. Nc4 a4 35. Ne3 Kb6 36.
Rh1 Be6 37. Kc2 Bc8 38. Rh7 e6 39. Rg7 f5 40. Rxg6 fxe4 41. fxe4 Kc5 42. Rg8 Ba6 43. g5 Kd4 44. Nd1 Bd3+ 45. Kd2 Bxe4 46. g6 c5 47. g7 Bh7 48. Rh8 1-0

[Event "Early-Titled-Tuesday-Blitz-August-29-2023"]
[Site "Chess.com"]
[Date "2023.08.29"]
[Round "8"]
[White "Kirill_Klukin"]
[Black "YouJustFoundYourGodfather"]
[Result "0-1"]
[WhiteElo "2796"]
[BlackElo "2616"]
[TimeControl "180+1"]
[EndTime "9:27:31 PDT"]
[Termination "YouJustFoundYourGodfather won by resignation"]

1. d4 Nf6 2. Nf3 d5 3. c4 c6 4. Nc3 dxc4 5. e3 b5 6. a4 b4 7. Na2 e6 8. Bxc4 Be7 9. O-O O-O 10. Qe2 Bb7 11. Rd1 a5 12. Bd2 Nbd7 13. Be1 Qb8 14. Nc1 c5 15. Bb5 Rd8 16. Nb3 cxd4 17. Nfxd4 Ne5 18. f3 Qa7 19. Bg3 Ng6 20. Nc6 Bxc6 21.
Bxc6 Rac8 22. Bb5 Rxd1+ 23. Rxd1 h5 24. Nd4 Bc5 25. Bf2 Nd5 26. h4 Qb6 27. Rd3 Ndf4 28. exf4 Nxf4 29. Qe4 Nxd3 30. Bxd3 Rd8 31. Nc6 Bxf2+ 32.
Kf1 Rxd3 33. Qxd3 Bxh4 34. Qd4 Qxc6 35. Qxh4 Qc1+ 36. Kf2 Qxb2+ 37. Kg1 Qa1+ 38. Kf2 Qb2+ 39. Kg1 g6 40. Qd8+ Kg7 41. Qxa5 b3 42. Kh2 Qf6 43. Qb5 b2 44. a5 Qh4+ 0-1

[Event "Early-Titled-Tuesday-Blitz-August-29-2023"]
[Site "Chess.com"]
[Date "2023.08.29"]
[Round "8"]
[White "dennisodessa"]
[Black "Dmitry_Konenkin"]
[Result "1-0"]
[WhiteElo "2531"]
[BlackElo "2392"]
[TimeControl "180+1"]
[EndTime "9:27:32 PDT"]
[Termination "dennisodessa won by resignation"]

1. d4 d6 2. c4 e5 3. d5 f5 4. e4 Nf6 5. Nc3 Be7 6. exf5 Bxf5 7. Nge2 O-O 8. Ng3 Bg4 9. f3 Bd7 10. Bd3 Na6 11. O-O Nc5 12. Bc2 c6 13. Be3 cxd5 14. cxd5 Rc8 15. Qe2 a6 16. b4 Na4 17. Nxa4 Bb5 18.
Qd2 Bxf1 19. Rxf1 b5 20. Nb6 Rb8 21. Nf5 Rf7 22. Qf2 Bf8 23. a4 g6 24. Ng3 bxa4 25.
Nxa4 Rxb4 26. Qd2 Qb8 27. Nc3 Rb2 28. Na4 Ra2 29. Nc3 Rb2 30. Na4 Ra2 31. Nb6 Rc7 32.
Rc1 Qb7 33. Qd3 Nd7 34. Qb3 Ra5 35. Nxd7 Qxb3 36. Bxb3 Rxd7 37. Ne4 Rb7 38. Bc4 Rc7 39. Bb6 Rcc5 40. Nxc5 dxc5 41. Bxa5 Be7 42. Re1 Kf8 43. Bc3 Kf7 44. Bxe5 Bg5 45. g3 Bd2 46. Re2 Bb4 47. Rc2 Ke7 48. Bc3 Kd7 49. Bxb4 cxb4 50. Bxa6 1-0

[Event "Early-Titled-Tuesday-Blitz-August-29-2023"]
[Site "Chess.com"]
[Date "2023.08.29"]
[Round "8"]
[White "Itk04"]
[Black "Aleksandar-Topalov"]
[Result "1-0"]
[WhiteElo "2672"]
[BlackElo "2370"]
[TimeControl "180+1"]
[EndTime "9:27:34 PDT"]
[Termination "Itk04 won on time"]

1. c4 e6 2. Nf3 f5 3. h3 Nf6 4. g4 d5 5. g5 Ne4 6. d3 Nd6 7. b3 c5 8. cxd5 exd5 9. Bg2 Nc6 10. O-O Be7 11. d4 Ne4 12. h4 O-O 13. Bb2 Be6 14.
dxc5 Bxc5 15. Nd4 Nxd4 16. Bxd4 b6 17. b4 Bd6 18. Bb2 Qe7 19. Nc3 Qf7 20. Nxe4 fxe4 21. Qd4 Rad8 22. f4 Bf5 23. h5 Bc7 24. h6 Rfe8 25. e3 Rd7 26. Kf2 b5 27. Rac1 Bb6 28. Rc5 Bxc5 29. bxc5 a5 30. hxg7 Rc7 31. Rc1 Rec8 32.
Qe5 Re7 33. Qf6 Re6 34. Qxf7+ Kxf7 35. Bd4 b4 36. Bf1 Rb8 37. Be5 Rc8 38. Bd4 Rec6 39.
Bb5 Be6 40. Bxc6 Rxc6 41. Kg3 Kg6 42. Rh1 Bg8 43. Rh6+ Kf7 44. Rxc6 1-0

[Event "Early-Titled-Tuesday-Blitz-August-29-2023"]
[Site "Chess.com"]
[Date "2023.08.29"]
[Round "8"]
[White "KejJaj"]
[Black "InitiatingASC"]
[Result "1-0"]
[WhiteElo "2186"]
[BlackElo "2327"]
[TimeControl "180+1"]
[EndTime "9:27:34 PDT"]
[Termination "KejJaj won on time"]

1. d4 d5 2. Bf4 e6 3. e3 Nf6 4. Nf3 c5 5. c3 cxd4 6. exd4 Bd6 7. Ne5 O-O 8. Nd2 Nc6 9. h3 Ne7 10. Ndf3 Ng6 11. Bh2 Rb8 12. a4 a6 13. Bd3 Qc7 14.
O-O Nd7 15. Bxg6 hxg6 16. Qe2 Nxe5 17. Bxe5 Bd7 18. Bxd6 Qxd6 19. Ne5 Rfc8 20. Qf3 Be8 21. h4 f6 22. Nd3 Bf7 23. Nc5 e5 24. Rfe1 e4 25. Qe2 f5 26. g3 Rf8 27. Qe3 Be8 28.
Qf4 Qxf4 29. gxf4 Kf7 30. b4 Ke7 31. Re3 Rh8 32. Rh3 Kd6 33. Kg2 Rh5 34. Rb1 Bd7 35. Re1 Bc6 36. Rb1 Rbh8 37. Kg3 b6 38. Nxa6 Bxa4 39. b5 Bc2 40. Rb2 Bd3 41. Nb4 Bc4 42. Nc6 Bxb5 43. Ne5 Bf1 44. Rh1 Bc4 45. Rxb6+ Kc7 46.
Rxg6 R8h7 47. Re6 R5h6 48. Re7+ Kd6 49. Rd7+ Ke6 50. Rb7 g5 51. fxg5 Rxb7 52. gxh6 Rh7 53. h5 Rxh6 54. Kh4 Rh8 55. Kg5 1-0

[Event "Early-Titled-Tuesday-Blitz-August-29-2023"]
[Site "Chess.com"]
[Date "2023.08.29"]
[Round "8"]
[White "miraitrunks"]
[Black "Goi_Manne"]
[Result "0-1"]
[WhiteElo "1991"]
[BlackElo "2320"]
[TimeControl "180+1"]
[EndTime "9:27:34 PDT"]
[Termination "Goi_Manne won by resignation"]

1. e4 c6 2. d4 d5 3. exd5 cxd5 4. Bd3 Nf6 5. c3 Qc7 6. Nd2 Bg4 7. Qb3 e6 8. Ngf3 Bxf3 9. Nxf3 Bd6 10. Bg5 Nbd7 11. h3 h6 12. Be3 O-O 13. O-O a6 14. c4 dxc4 15. Bxc4 b5 16. Bd3 Nd5 17. Rac1 Qb7 18. a4 Rab8 19. axb5 axb5 20. Rfd1 N7f6 21. Bb1 Rfc8 22.
Ne5 Nxe3 23. Qxe3 Nd5 24. Qe4 f5 25. Qe1 Rxc1 26. Rxc1 Rc8 27. Rd1 Nf4 28. Nf3 Kh8 29. d5 exd5 30. Bxf5 Rf8 31. Nd4 Bc5 32. Qe5 Bxd4 33.
Rxd4 Rxf5 34. Qe8+ Kh7 35. g4 Rf6 36. g5 hxg5 37. Qe5 Qf7 38. h4 gxh4 39. f3 Nh3+ 40. Kh2 Rxf3 41. Rxh4+ Kg8 42. Qb8+ Qf8 43. Qxf8+ Kxf8 44.
Rxh3 Rxh3+ 45. Kxh3 Ke7 0-1

[Event "Early-Titled-Tuesday-Blitz-August-29-2023"]
[Site "Chess.com"]
[Date "2023.08.29"]
[Round "8"]
[White "zabivol_mc"]
[Black "kacprekt"]
[Result "1-0"]
[WhiteElo "2602"]
[BlackElo "2437"]
[TimeControl "180+1"]
[EndTime "9:27:35 PDT"]
[Termination "zabivol_mc won on time"]

1. e4 c5 2. Nf3 Nc6 3. Bb5 Nf6 4. e5 Nd5 5. O-O g6 6. c3 Bg7 7. d4 cxd4 8. cxd4 O-O 9. Nc3 Nc7 10. Ba4 d6 11. exd6 Qxd6 12. d5 Ne5 13. Bf4 Bg4 14. Bxe5 Bxe5 15. h3 Bxf3 16. Qxf3 Bxc3 17. Qxc3 Nxd5 18.
Qf3 e6 19. Bb3 Qe5 20. Rab1 b6 21. Rfe1 Qg5 22. Rbd1 Nf6 23. Rd4 Rad8 24. Rf4 Nd5 25. Ra4 a5 26. Rg4 Qd2 27. Re2 Qc1+ 28. Kh2 Qc7+ 29.
Kh1 b5 30. a4 bxa4 31. Bxa4 Nb6 32. Bb3 a4 33. Bc2 Rd5 34. g3 Rfd8 35. Bxa4 Nxa4 36.
Rxa4 Qc6 37. Rf4 Rd1+ 38. Kh2 Qxf3 39. Rxf3 Rb1 40. Rc2 Rdd1 41. g4 h5 42. gxh5 Rh1+ 43. Kg3 Rbg1+ 44. Kf4 g5+ 45. Ke5 Kg7 46. Rc7 Re1+ 47.
Kd6 Rd1+ 48. Ke7 f5 49. Kxe6+ Kh6 50. Rxf5 Rhe1+ 51. Kf7 Kxh5 52. f4 Kh4 53. fxg5 Kxh3 54. g6 1-0

[Event "Early-Titled-Tuesday-Blitz-August-29-2023"]
[Site "Chess.com"]
[Date "2023.08.29"]
[Round "8"]
[White "BashirliSaadat"]
[Black "Carlitus2004"]
[Result "0-1"]
[WhiteElo "2389"]
[BlackElo "2511"]
[TimeControl "180+1"]
[EndTime "9:27:35 PDT"]
[Termination "Carlitus2004 won by resignation"]

1. d4 d5 2. e3 Nf6 3. Bd3 c5 4. c3 Nc6 5. f4 g6 6. Nf3 Bf5 7. O-O e6 8. Ne5 Bd6 9. Qe2 O-O 10. Nd2 Rc8 11. b3 Ne7 12. Bb2 Bb8 13.
Rac1 Bxd3 14. Qxd3 Nf5 15. Rfe1 Nd6 16. Ba3 b6 17. c4 Nfe4 18. Nxe4 Nxe4 19. cxd5 Qxd5 20.
Nf3 Rfd8 21. Red1 Rd7 22. Qb5 Rcd8 23. Qe2 a5 24. g3 h6 25. Bb2 a4 26. Qb5 Nxg3 27. Kg2 Nf5 28. Kf2 Qe4 29. Qe2 axb3 30. axb3 Kh7 31. Nd2 Qb7 32. Nc4 cxd4 33. e4 Ne3 34.
Nxe3 dxe3+ 35. Kxe3 Rxd1 36. Rxd1 Rxd1 37. Qxd1 Qc7 38.
Qf1 Qc2 39. Qe2 Bxf4+ 40. Kf3 Qxe2+ 41. Kxe2 Bxh2 42. Bd4 b5 43. Kf2 h5 44. Kg2 Bd6 45. e5 Bc7 46. b4 g5 47. Kf3 Kg6 48.
Ke4 h4 49. Bf2 Bd8 50. Kd4 Bb6+ 0-1

[Event "Early-Titled-Tuesday-Blitz-August-29-2023"]
[Site "Chess.com"]
[Date "2023.08.29"]
[Round "8"]
[White "Zhigalko_Sergei"]
[Black "Oleksandr_Bortnyk"]
[Result "0-1"]
[WhiteElo "2936"]
[BlackElo "3047"]
[TimeControl "180+1"]
[EndTime "9:27:38 PDT"]
[Termination "Oleksandr_Bortnyk won on time"]

1. e4 Nf6 2. e5 Nd5 3. d4 d6 4. Nf3 dxe5 5. Nxe5 c6 6. Be2 Bf5 7. O-O Nd7 8. Nf3 e6 9. c4 N5f6 10. Bf4 Be7 11. Nc3 O-O 12. Nh4 Bg6 13. Nxg6 hxg6 14.
Re1 Qb6 15. Qd2 a5 16. a3 a4 17. Rad1 Rfd8 18. Qc1 Qa5 19. h3 Rac8 20. Qe3 b5 21. c5 b4 22. axb4 Qxb4 23. Ra1 Ra8 24. Bf3 Ra6 25.
Ra2 e5 26. dxe5 Bxc5 27. Qc1 Nd5 28. Nxd5 cxd5 29. Bxd5 Qd4 30. Bc4 Rc6 31. e6 Bb4 32.
exf7+ Kh7 33. Rd1 Qxc4 34. Qxc4 Rxc4 35. Rxa4 Rxf4 36. g3 Rxf7 37. Rxb4 Re8 38. Rb7 Ree7 39. Rd4 g5 40. Rg4 Kh6 41. Rb5 Ne5 42. Ra4 Nf3+ 43. Kg2 Re1 44. h4 Rg1+ 45. Kh3 gxh4 46. Ra6+ g6 47. gxh4 Nd2 48. h5 Nf1 0-1

[Event "Early-Titled-Tuesday-Blitz-August-29-2023"]
[Site "Chess.com"]
[Date "2023.08.29"]
[Round "8"]
[White "Tomytoteph"]
[Black "aghasiyevkamal"]
[Result "1-0"]
[WhiteElo "2632"]
[BlackElo "2500"]
[TimeControl "180+1"]
[EndTime "9:27:38 PDT"]
[Termination "Tomytoteph won on time"]

1. e4 e5 2. Nf3 Nc6 3. Bb5 a6 4. Ba4 Nf6 5. O-O b5 6. Bb3 Bc5 7. h3 d6 8. c3 h6 9. d4 Bb6 10. a4 Rb8 11. Na3 O-O 12. axb5 axb5 13. Nxb5 Bxd4 14.
cxd4 Rxb5 15. Ba4 Rb6 16. dxe5 Nxe5 17. Bc2 Nxf3+ 18. Qxf3 Bb7 19. Re1 Re8 20. b3 Rc6 21. Qd3 Rc5 22. f3 Nh5 23. Bb2 Nf4 24. Qd2 Qg5 25.
Kh1 Qxg2+ 26. Qxg2 Nxg2 27. Re2 Nf4 28. Rd2 Rh5 29. Ra7 Rxh3+ 30. Kg1 Rb8 31. Kf2 Ne6 32. Ke3 Ng5 33. Rf2 d5 34. Be5 dxe4 35. Bxc7 Re8 36.
Rxb7 exf3+ 37. Kd4 Ne6+ 38. Kd5 Rh5+ 39. Kd6 Rh3 40. Bf5 Rg3 41. Rb8 Nxc7 42. Kxc7 Rxb8 43. Kxb8 g6 44. Be4 Rg4 45. Bxf3 Rb4+ 46. Kc7 Rxb3 47. Bd5 Rc3+ 48. Kd6 h5 49. Rxf7 Kh8 50. Ke5 Rc5 51.
Rd7 h4 52. Kf6 h3 53. Kxg6 1-0

[Event "Early-Titled-Tuesday-Blitz-August-29-2023"]
[Site "Chess.com"]
[Date "2023.08.29"]
[Round "8"]
[White "artin10862"]
[Black "Frolyanov_D"]
[Result "1/2-1/2"]
[WhiteElo "2817"]
[BlackElo "2628"]
[TimeControl "180+1"]
[EndTime "9:27:39 PDT"]
[Termination "Game drawn by repetition"]

1. e4 e5 2. Nf3 Nf6 3. Nc3 Nc6 4. a4 d5 5. exd5 Nxd5 6. Bb5 Nxc3 7. bxc3 Bd6 8. d4 exd4 9. O-O O-O 10. cxd4 Qf6 11. h3 h6 12. Rb1 Bf5 13. Bd3 Rab8 14. Rb5 Bxd3 15. Qxd3 a6 16. Rf5 Nb4 17. Rxf6 Nxd3 18. Rxd6 Nxc1 19. Rd7 Ne2+ 20. Kh2 Rfd8 21. Rxc7 Nxd4 22.
Ne5 Ne6 23. Rxf7 Rd5 24. f4 Nxf4 25. Re7 Rf8 26. Nd7 Rff5 27. g4 Rd2+ 28. Kh1 Rfd5 29. Nf6+ gxf6 30. Rxf4 Rxc2 31. Kg1 Rd1+ 32. Rf1 Rxf1+ 33.
Kxf1 Ra2 34. Rxb7 Rxa4 35. Ke2 Ra3 36. h4 a5 37. h5 Rg3 38. Ra7 Rxg4 39. Rxa5 Rg5 40.
Ra7 Rxh5 41. Kf3 Rg5 42. Kf4 Rg7 43. Ra8+ Kh7 44. Kf5 Rc7 45. Kxf6 Rc6+ 46. Kf5 Rc5+ 47. Kg4 Rc4+ 48. Kh5 Rc5+ 49. Kg4 Rc4+ 50. Kh5 Rc5+ 51. Kg4 1/2-1/2

[Event "Early-Titled-Tuesday-Blitz-August-29-2023"]
[Site "Chess.com"]
[Date "2023.08.29"]
[Round "8"]
[White "vladgoncharov"]
[Black "Roedor"]
[Result "0-1"]
[WhiteElo "2549"]
[BlackElo "2453"]
[TimeControl "180+1"]
[EndTime "9:27:40 PDT"]
[Termination "Roedor won on time"]

1. d4 Nf6 2. c4 g6 3. Nc3 Bg7 4.
Nf3 O-O 5. Bg5 d6 6. e3 c5 7. Be2 cxd4 8. Nxd4 Qa5 9. Bxf6 Bxf6 10. O-O Nc6 11. Nb3 Qg5 12. Ne4 Qh4 13. Nxf6+ Qxf6 14. Qd2 Be6 15. Rac1 Rfc8 16. f4 a5 17. Nd4 Nxd4 18. exd4 Bf5 19. Qe3 a4 20. h3 a3 21.
b3 Qe6 22. Qd2 Be4 23. Rfe1 Qf6 24. Bg4 Bf5 25. Bxf5 gxf5 26. Re3 Kh8 27. Rce1 Rc7 28. d5 Qb2 29. Qe2 Qxe2 30. R1xe2 Re8 31. Kf2 Kg7 32. Ke1 Kf6 33. Kd2 e6 34. dxe6 fxe6 35. Kd3 e5 36.
Kc3 Rce7 37. Kb4 e4 38. Kxa3 d5 39. cxd5 Rd7 40. Rd2 Red8 41. Kb4 Rxd5 42. Rde2 Rd2 43. a4 Rxe2 44. Rxe2 Rd3 45. Kc4 Rg3 46. b4 Ke6 47.
Kc5 Kd7 48. Kb6 Kc8 49. b5 Rg6+ 50. Kc5 Kc7 51. a5 Rd6 52. b6+ Kd7 53. Rb2 Rc6+ 54. Kd5 Kc8 55. Ke5 Rc5+ 0-1